 Dungeon Crawl Stone Soup version 0.27-a0-1036-g8e1b44f6bd (webtiles) character file.

Game seed: 6755497231570644410

2 streetpizza the Ducker (level 1, 0/18 HPs)
             Began as a Djinni Gladiator on Apr 18, 2021.
             Slain by a kobold
             ... wielding a +2 short sword of speed
              (4 damage)
             ... on level 1 of the Dungeon.
             The game lasted 00:00:47 (72 turns).

streetpizza the Ducker (Djinni Gladiator)             Turns: 72, Time: 00:00:48

Health: 0/18       AC:  4    Str: 13    XL:     1   Next: 40%
Gold:   17         EV: 12    Int:  9    God:
                   SH:  0    Dex: 14

rFire    + + .     SeeInvis .   a - +0 long sword
rCold    x . .     Faith    .   (no shield)
rNeg     . . .     Spirit   .   b - +0 leather armour
rPois    ∞         Reflect  .   c - +0 helmet
rElec    .         Harm     .   (no cloak)
rCorr    .         Rampage  .   (no gloves)
Will     .....                  (boots unavailable)
Stlth    +.........             (no amulet)
HPRegen  0.06/turn              (no ring)
MPRegen  0.00/turn              (no ring)

@: flying
A: fire resistance 2, cold vulnerability 1, float, innate caster, hp casting,
extra vitality 1
a: no special abilities


You were on level 1 of the Dungeon.
You visited 1 branch of the dungeon, and saw 1 of its levels.

You collected 17 gold pieces.

Inventory:

Hand Weapons
 a - a +0 long sword (weapon)
Missiles
 d - 3 throwing nets (quivered)
Armour
 b - a +0 leather armour (worn)
 c - a +0 helmet (worn)


   Skills:
 + Level 2.0 Fighting
 + Level 2.7 Long Blades
 - Level 1.5 Throwing
 + Level 3.3 Dodging
 + Level 0.1 Spellcasting


You couldn't memorise any spells.
You didn't know any spells.
Your spell library was empty.

Dungeon Overview and Level Annotations

Branches:
Dungeon (1/15)

Altars:


Innate Abilities, Weirdness & Mutations

You are immune to poison.
Your flesh is very heat resistant. (rF++)
You are vulnerable to cold. (rC-)
You float through the air rather than walking.
You learn spells naturally, not from books.
Your magical power is your life essence.
You have superior vitality. (+4 HP)


Message History

Welcome, streetpizza the Djinni Gladiator.
Will you prevail where others failed? Will you find the Orb of Zot?
Press ? for a list of commands and other information.
Found a staircase leading out of the dungeon.
A ball python comes into view.
The ball python hisses angrily.
Found 22 arrows.
You closely miss the ball python. The ball python closely misses you.
You riposte.
You closely miss the ball python. The ball python barely misses you.
The ball python closely misses you. The ball python barely misses you.
You completely miss the ball python. The ball python bites you.
The ball python grabs you. The ball python constricts you.
You hit the ball python.
You kill the ball python!
You see here a ball python corpse.
You now have 17 gold pieces.
You see here 22 arrows.
An endoplasm and a kobold come into view.
The kobold is wielding a +2 short sword of speed.
The endoplasm quivers.
The endoplasm moves out of view.
Found a ring mail.
You slash the endoplasm!
You kill the endoplasm!
The kobold shouts!
The kobold hits you with a +2 short sword of speed.
You hit the kobold but do no damage. The kobold closely misses you.
The kobold barely misses you.
You barely miss the kobold.
The kobold hits you with a +2 short sword of speed. x2
You miss the kobold. The kobold hits you but does no damage.
You barely miss the kobold.
The kobold hits you with a +2 short sword of speed!
* * * LOW HITPOINT WARNING * * *
The kobold hits you with a +2 short sword of speed.
You die...

##..#### ##.##
##########.#
#.......#.#
#.#.#####.#
#.#.#####.#
#.#.......#
####.#########
#.......#
#.##.##@# #
#.#.K.#
........
.......###
####...##
##.## #. #.


You could see a kobold.

Vanquished Creatures
  A ball python (D:1)
  An endoplasm (D:1)
2 creatures vanquished.

Notes
Turn   | Place    | Note
-------+----------+-------------------------------------------
     0 | D:1      | streetpizza the Djinni Gladiator began the quest for the
                  | Orb.
     0 | D:1      | Reached XP level 1. HP: 18/18 MP: 0/0
    72 | D:1      | Slain by a kobold

Illustrated notes

Levels and vault maps discovered:
D:1:      dpeg_arrival_round_b, layout_loops_corners

Action                   || total
-------------------------++-------
Melee: Long sword        ||     8
Armor: Leather armour    ||     1
Dodge: Dodged            ||     6
       Rpst.: Long sword ||     1

Table legend: (Time is in decaauts)
 A = Elapsed time spent in this place.
 B = Non-inter-level travel time spent in this place.
 C = Inter-level travel time spent in this place.
 D = Time resting spent in this place.
 E = Time spent auto-exploring this place.
 F = Levels seen in this place.
 G = Mean time per level.
                   A        B        C        D        E       F      G
               +--------+--------+--------+--------+--------+-----+--------+
         Total |     73 |     73 |      0 |      0 |     59 |   1 |   73.0 |
       Dungeon |     73 |     73 |      0 |      0 |     59 |   1 |   73.0 |
               +--------+--------+--------+--------+--------+-----+--------+

Top non-repeatable levels by time:
     D:1: 73 daAuts
